 Dungeon Crawl Stone Soup version 0.30-a0-996-ga6910c8ee8 (webtiles) character file.

Game seed: 18059981616556031203

169 gelatine the Covered (level 5, -3/46 HPs)
             Began as a Minotaur Fighter on Apr 4, 2023.
             Slain by a gnoll
             ... wielding a +0 club
             ... led by a gnoll bouda
              (6 damage)
             ... on level 4 of the Dungeon.
             The game lasted 00:04:56 (2422 turns).

gelatine the Covered (Minotaur Fighter)             Turns: 2422, Time: 00:04:58

Health: -3/46      AC:  9    Str: 22    XL:     5   Next: 25%
Magic:  4/4        EV: 10    Int:  5    God:
Gold:   162        SH:  4    Dex: 10    Spells: 4/4 levels left

rFire   . . .      SeeInvis .    a - +0 war axe
rCold   . . .      Faith    .    c - +0 buckler
rNeg    . . .      Spirit   .    b - +0 scale mail
rPois   .          Reflect  .    (helmet restricted)
rElec   .          Rampage  .    (no cloak)
rCorr   .                        j - +0 pair of gloves
Will    .....                    e - +0 pair of boots Stlth
                                 (no amulet)
HPRegen 0.27/turn                (no ring)
MPRegen 0.09/turn                (no ring)

@: mighty, weakened
A: horns 2, retaliatory headbutt
a: no special abilities


You were on level 4 of the Dungeon.
You visited 1 branch of the dungeon, and saw 4 of its levels.

You collected 162 gold pieces.

Inventory:

Hand Weapons
 a - a +0 war axe (weapon)
Missiles
 s - 2 datura-tipped darts (quivered)
Armour
 b - a +0 scale mail (worn)
 c - a +0 buckler (worn)
 e - a +0 pair of boots (worn)
 j - a +0 pair of gloves (worn)
 w - a +0 chain mail
Scrolls
 f - a scroll of enchant weapon {unknown}
 h - 2 scrolls of poison {unknown}
 i - 2 scrolls of amnesia {unknown}
 m - a scroll of enchant armour {unknown}
 n - a scroll of teleportation {unknown}
 o - a scroll of brand weapon {unknown}
 r - a scroll of silence {unknown}
 u - 2 scrolls of immolation {unknown}
 v - 2 scrolls of identify {unknown}
Potions
 g - 2 potions of ambrosia {unknown}
 k - a potion of brilliance {unknown}
 l - a potion of curing {unknown}
 p - a potion of flight {unknown}
 q - 2 potions of heal wounds {unknown}
 t - a potion of resistance {unknown}


   Skills:
 * Level 4.2 Fighting
 * Level 4.6 Axes
 * Level 4.7 Armour
 * Level 1.6 Dodging
 + Level 4.1 Shields


You had 4 spell levels left.
You didn't know any spells.
Your spell library contained the following spells:

 Spells                   Type           Power      Damage    Failure   Level
 Summon Small Mammal      Summ           0%         N/A       87%         1
 Call Canine Familiar     Summ           0%         N/A       99%         3
 Summon Guardian Golem    Hex/Summ       0%         N/A       99%         3


Dungeon Overview and Level Annotations

Branches:
Dungeon (4/15)
 Temple: D:4-7

Altars:
Gozag
Kikubaaqudgha
Wu Jian

Shops:
D:3 (


Innate Abilities, Weirdness & Mutations

You have a pair of horns on your head.
You reflexively headbutt those who attack you in melee.


Message History

The gnoll hits you with a +0 halberd. The gnoll hits you with a +0 flail.
The gnoll bouda gazes fiercely through you!
You feel as though you will be weak longer.
The gnoll hits you with a +0 halberd!
You slash the gnoll bouda!
The gnoll bouda is moderately wounded.
You hit the gnoll. The gnoll hits you with a +0 halberd.
* * * LOW HITPOINT WARNING * * *
You slash the gnoll bouda! Your headbutt misses the gnoll bouda.
The gnoll bouda is severely wounded.
You hit the gnoll.
The gnoll is no longer moving quickly.
The gnoll bouda barely misses you. The gnoll hits you with a +0 halberd.
* * * LOW HITPOINT WARNING * * *
The gnoll bouda hits you with a +0 club.
* * * LOW HITPOINT WARNING * * *
You feel very mighty all of a sudden.
Your attacks no longer feel as feeble.
The gnoll closely misses you.
The gnoll bouda gazes fiercely through you!
You feel your attacks grow feeble. The gnoll bouda barely misses you.
You hit the gnoll bouda. Your headbutt misses the gnoll bouda.
The gnoll bouda is almost dead.
You barely miss the gnoll. The gnoll hits you but does no damage.
You slash the gnoll!
You kill the gnoll!
You hit the gnoll bouda.
The gnoll is no longer moving quickly.
You closely miss the gnoll. You barely miss the gnoll bouda.
The gnoll bouda gazes fiercely through you!
You feel as though you will be weak longer.
The gnoll bouda hits you with a +0 club!
* * * LOW HITPOINT WARNING * * *
The gnoll hits you but does no damage.
You hit the gnoll.
The gnoll is moderately wounded.
You hit the gnoll bouda but do no damage.
The gnoll bouda barely misses you. You furiously retaliate!
You headbutt the gnoll bouda.
You kill the gnoll bouda!
The gnoll hits you with a +0 club.
You die...

#.# ... #.# #.####
#.# #.#.. #.# #.#.#
#.# #.#.# #.# #...#
#.# #.#.# #.#
#.#)#####.. #.#
#.#@gg....#
#.#########.###..####
#...........# ..#
########[#### .# #.#
.# #.# # #.# ... ...


You could see 2 gnolls.

Vanquished Creatures
  An orc priest (D:3)
  A gnoll bouda (D:4)
  Terence (D:3)
  3 gnolls (D:4)
  3 worms
  2 dart slugs
  3 orcs (D:3)
  3 ball pythons
  8 endoplasms
  9 giant cockroaches
  5 goblins
  5 hobgoblins
  3 jackals (D:3)
  3 quokkas
  7 bats
  A frilled lizard (D:3)
  3 kobolds (D:3)
  2 rats
63 creatures vanquished.

Notes
Turn   | Place    | Note
-------+----------+-------------------------------------------
     0 | D:1      | gelatine the Minotaur Fighter began the quest for the Orb.
     0 | D:1      | Reached XP level 1. HP: 19/19 MP: 0/0
   242 | D:1      | Reached XP level 2. HP: 27/27 MP: 1/1
   744 | D:1      | Found a faded altar of an unknown god.
  1003 | D:2      | Reached XP level 3. HP: 33/33 MP: 2/2
  1559 | D:3      | Found an ancient bone altar of Kikubaaqudgha.
  1601 | D:3      | Found an opulent altar of Gozag.
  1727 | D:3      | Reached XP level 4. HP: 29/40 MP: 3/3
  1809 | D:3      | Found Vofewec's Antique Weapon Boutique.
  1815 | D:3      | Reached skill level 1 in Dodging
  1903 | D:3      | Found an ornate altar of the Wu Jian Council.
  2089 | D:3      | Noticed Terence
  2099 | D:3      | Killed Terence
  2100 | D:3      | Reached XP level 5. HP: 40/46 MP: 4/4
  2421 | D:4      | HP: 2/46 [gnoll bouda/+0 club (7)]
  2422 | D:4      | Slain by a gnoll

Illustrated notes

Levels and vault maps discovered:
D:1:      onia_arrival_mini_maze_b, layout_basic,
          shapermc_ecumenical_altar_mp_vishouse, grunt_decor_arrowhead
D:2:      layout_basic, chequers_serial_rivers_micro_d, minmay_worlds_worst_comb
D:3:      layout_basic, pdpol_wu_jian_five_deadly_venoms,
          mainiacjoe_overflow_catch_the_wave, serial_shops,
          nicolae_shop_crystal, chequers_garden, uniq_terence
D:4:      layout_loops_ring, minmay_temple_entry_ruins, uniq_grinder

Skill      XL: |  1  2  3  4 |
---------------+-------------+-----
Armour         | 4 |  4.7
Fighting       | 4 |  4.2
Axes           | 3 4 |  4.6
Shields        | 4 |  4.1
Dodging        | 1 |  1.6

Action                     |  1- 3 |  4- 6 || total
---------------------------+-------+-------++-------
  Melee: War axe           |    82 |    41 ||   123
         Headbutt          |    10 |     6 ||    16
    Use: Potion            |       |     1 ||     1
 Armour: Scale mail        |    41 |    16 ||    57
  Dodge: Dodged            |    43 |    22 ||    65
  Block: Buckler           |    24 |     8 ||    32

Table legend: (Time is in decaauts)
 A = Elapsed time spent in this place.
 B = Non-inter-level travel time spent in this place.
 C = Inter-level travel time spent in this place.
 D = Time resting spent in this place.
 E = Time spent auto-exploring this place.
 F = Levels seen in this place.
 G = Mean time per level.
                   A        B        C        D        E       F      G
               +--------+--------+--------+--------+--------+-----+--------+
         Total |   2473 |   2324 |    149 |      0 |   1752 |   4 |  618.2 |
       Dungeon |   2473 |   2324 |    149 |      0 |   1752 |   4 |  618.2 |
               +--------+--------+--------+--------+--------+-----+--------+

Top non-repeatable levels by time:
     D:1: 928 daAuts
     D:3: 810 daAuts
     D:2: 640 daAuts
     D:4: 93 daAuts
